AoeStats
← [GDL] HANNIBAL

Arena

509547568Analyzed
4v4 RM · 6d ago on Sep 27, 2026· 37m 52s· 8 players
Game mode
Random Map
Map size
Large (8 player)
Population
200
Speed
Normal
Resources
Standard
Victory
Conquest
Starting age
Dark Age
Ending age
Imperial Age
RankedLock teamsTeams togetherTeam positionsShared explorationLock speedFull tech treeHidden civsTurbo modeCheats
Victory
Defeat
🇵🇪 Danes · Peru
1367
+13
🇦🇷 Poles · Argentina
1367
+13
🇭🇰 Saracens · Hong Kong SAR China
1331
+15
🇵🇪 Varangians · Peru
1310
+16
🇲🇽 Poles · Mexico
1381
-18
🇸🇪 Portuguese · Sweden
1306
-14
🇨🇳 Celts · China
1278
-13
🇺🇸 Vikings · United States
1259
-12
[GDL] HANNIBAL
10:42 Feudal Age
15:09 Castle Age
13:09 Double-Bit Axe
13:29 Horse Collar
16:16 Bow Saw
19:44 Heavy Plow
22:57 Wheelbarrow
23:59 Town Watch
27:24 Imperial Age
25:46 Bloodlines
25:36 Husbandry
26:10 Hand Cart
26:36 Scale Mail Armor
26:47 Forging
27:35 Scale Barding Armor
28:40 Iron Casting
27:47 Cavalier
28:47 Elite Obuch
29:48 Conscription
30:07 Crop Rotation
30:16 Szlachta Privileges
30:35 Squires
30:55 Chain Mail Armor
35:00 Town Watch
Slayer
9:36 Feudal Age
13:44 Castle Age
11:58 Double-Bit Axe
12:25 Horse Collar
18:10 Loom
22:24 Bow Saw
22:16 Scale Mail Armor
22:27 Forging
23:12 Chain Mail Armor
Zâbina
8:25 Loom
11:05 Feudal Age
11:43 Double-Bit Axe
11:41 Horse Collar
17:15 Castle Age
18:12 Bow Saw
18:04 Heavy Plow
19:35 Fervor
23:27 Fortified Wall
24:36 Wheelbarrow
25:22 Hand Cart
26:33 Fletching
30:02 Imperial Age
34:11 Crop Rotation
34:45 Two-Man Saw
35:51 Chemistry
38:12 Conscription
职业杀猪
0:28 Loom
9:44 Feudal Age
11:24 Fletching
16:23 Double-Bit Axe
23:16 Castle Age
21:05 Horse Collar
22:15 Gold Mining
22:19 Stone Mining
24:29 Bow Saw
24:23 Heavy Plow
24:53 Bodkin Arrow
30:24 Imperial Age
28:26 Padded Archer Armor
29:32 Leather Archer Armor
31:45 Ring Archer Armor
30:54 Elite Skirmisher
33:27 Chemistry
33:03 Conscription
zFenix095z
6:30 Loom
10:28 Feudal Age
14:01 Castle Age
11:53 Horse Collar
12:22 Double-Bit Axe
14:44 Wheelbarrow
14:56 Bow Saw
15:22 Heavy Plow
18:26 Loom
22:03 Gold Mining
24:07 Stone Mining
24:46 Forging
27:18 Imperial Age
25:15 Hand Cart
25:31 Scale Barding Armor
25:31 Scale Mail Armor
25:01 Pikeman
26:36 Iron Casting
26:28 Squires
27:22 Chain Mail Armor
28:01 Town Watch
27:45 Halberdier
29:27 Blast Furnace
28:04 Capped Ram
29:44 Plate Mail Armor
30:40 Plate Mail Armor
29:32 Elite Varangian Guard
30:06 Loom
33:29 Crop Rotation
32:45 Gothikon
33:18 Siege Ram
34:23 Arson
36:21 Two-Man Saw
36:24 Gambesons
37:24 Fletching
Wolfang
10:12 Feudal Age
14:53 Castle Age
13:11 Double-Bit Axe
15:53 Bow Saw
18:34 Loom
19:02 Gold Mining
20:00 Scale Mail Armor
21:57 Arson
22:13 Squires
26:09 Wheelbarrow
29:06 Horse Collar
31:15 Stone Mining
35:46 Imperial Age
33:59 Heavy Plow
35:30 Ballistics
35:45 Hand Cart
35:36 Town Watch
36:11 Onager
37:57 Siege Engineers
37:28 Siege Onager
The Crusades Crusader
10:23 Feudal Age
12:59 Fletching
14:56 Loom
17:28 Castle Age
16:55 Double-Bit Axe
21:55 Horse Collar
24:02 Gold Mining
25:37 Bow Saw
26:48 Scale Barding Armor
28:19 Bloodlines
30:36 Husbandry
32:07 Chain Barding Armor
32:44 Forging
32:58 Heavy Plow
34:17 Wheelbarrow
37:37 Gold Shaft Mining
37:24 Stone Mining
40:52 Imperial Age
King Nothing
11:29 Feudal Age
16:39 Castle Age
14:44 Double-Bit Axe
15:29 Gold Mining
15:29 Horse Collar
17:40 Bow Saw
18:13 Heavy Plow
22:08 Wheelbarrow
21:56 Szlachta Privileges
23:52 Hand Cart
28:22 Imperial Age
26:25 Forging
27:36 Scale Barding Armor
28:07 Iron Casting
28:46 Husbandry
28:58 Bloodlines
29:25 Chain Barding Armor
29:29 Conscription
29:56 Crop Rotation
28:58 Cavalier
31:38 Blast Furnace
31:23 Loom
Connection lost

Rejoining the realm…

Still unreachable

The connection could not be restored.

Session expired

The server has moved on; the page needs a fresh start.